 Dungeon Crawl Stone Soup version 0.17-a0-1636-g3119f2b (webtiles) character file.

4319 abixa the Basher (level 10, 87/114 HPs)
             Began as an Ogre Berserker on Aug 5, 2015.
             Was a High Priest of Trog.
             Quit the game on level 8 of the Dungeon.
             The game lasted 00:36:47 (9316 turns).

abixa the Basher (Ogre Berserker)                   Turns: 9316, Time: 00:36:47

Health: 87/114     AC:  6    Str: 24    XL:     10   Next: 33%
Magic:  10/10      EV: 10    Int:  6    God:    Trog [*****.]
Gold:   359        SH:  0    Dex: 12    Spells: 0 memorised, 9 levels left

rFire  . . .     SeeInvis .     w - +1 morningstar (flame)
rCold  . . .     Clarity  .     b - +0 animal skin
rNeg   . . .     SustAt   .     (no shield)
rPois  .         Gourm    .     (helmet restricted)
rElec  .         Spirit   .     t - +2 cloak {MR+}
rCorr  .         Warding  .     (gloves unavailable)
rMut   .         Stasis   .     (boots unavailable)
MR     ++...                    (no amulet)
Stlth  +.........               (no ring)
                                (no ring)

@: very resistant to hostile enchantments, very unstealthy
A: unfitting armour, tough skin 1
a: Burn Spellbooks, Berserk, Trog's Hand, Brothers in Arms, Renounce Religion


You were on level 8 of the Dungeon.
You worshipped Trog.
Trog was extremely pleased with you.
You were hungry.

You visited 1 branch of the dungeon, and saw 8 of its levels.
You also visited: Sewer and Ossuary.

You collected 414 gold pieces.
You spent 55 gold pieces at shops.

Inventory:

Hand weapons
 g - a +0 spear
 w - a +1 morningstar of flaming (weapon)
 y - a +0 blowgun
Missiles
 k - 84 stones (quivered)
 o - 49 sling bullets
 r - 7 silver javelins
 u - 40 poisoned needles
 G - 4 tomahawks of dispersal
 H - 4 tomahawks
 I - 6 needles of sleeping
Armour
 b - a +0 animal skin (worn)
 t - a +2 cloak of magic resistance (worn)
Magical devices
 s - a wand of digging (7)
 K - a wand of draining (7)
 L - a wand of cold (9)
Scrolls
 a - 3 scrolls of remove curse
 d - a scroll of recharging {unknown}
 j - 3 scrolls of identify
 m - 5 scrolls of noise
 n - a scroll of blinking {unknown}
 p - 5 scrolls of teleportation
 q - a scroll of immolation {unknown}
 x - 4 scrolls of fear
 C - a scroll of enchant armour {unknown}
 D - a scroll of torment {unknown}
 E - 2 scrolls of amnesia {unknown}
 F - a scroll of random uselessness {unknown}
Potions
 e - 3 potions of brilliance
 f - 2 potions of cancellation {unknown}
 h - 2 potions of flight {unknown}
 l - a potion of lignification {unknown}
 v - 6 potions of heal wounds
 z - 5 potions of curing
 A - a potion of might {unknown}
 B - 2 potions of agility
 J - 2 potions of invisibility {unknown}
 M - a potion of magic {unknown}
Comestibles
 c - 6 bread rations
 i - 3 meat rations


   Skills:
 + Level 11.4 Fighting
 * Level 14.7 Maces & Flails
 + Level 3.8 Throwing
 - Level 2.6 Dodging


You had 9 spell levels left.
You didn't know any spells.

Dungeon Overview and Level Annotations

Branches:
Dungeon (8/15)             Temple (0/1) D:5
   Lair: D:8-11

Altars:
Dithmenos
Kikubaaqudgha
Qazlal
Trog
Vehumet

Shops:
D:5 *


Innate Abilities, Weirdness & Mutations

You are too large for most types of armour.
You have tough skin (AC +1).


Message History

You sock the centaur! You burn the centaur.
The centaur is heavily wounded.
The centaur hits you! The centaur hits you.
You barely miss the centaur.
The centaur is heavily wounded.
The centaur hits you.
You sock the centaur! You burn the centaur.
You kill the centaur!
Trog accepts your kill.
No target in view!
No target in view!
Things that are here:
an uncursed shortbow; 8 arrows A centaur comes into view.
The centaur shouts!
The centaur wields a shortbow.
The centaur shoots an arrow.
The arrow hits you!
The centaur moves out of view.
A killer bee zombie comes into view.
You see here an arrow.
Are you sure you want to abandon this character and quit the game? (Confirm with "yes".)

###..####.........
.# #..##..#####...
.# #.....##
.####....# ##
.##......## #.
..........###.
......###.....###
##...####...#...####
....## #....#....@.#
...##
##....##..##.....Z.
....###.....##..#
##.....
....#.(..#..##.##
#...
#......(..#..#.# ..
##...#....##...## #
##..####.......#
##.# ##......# #.#
##)....#


You could see a killer bee zombie (wandering).

Vanquished Creatures
  Pikel (D:6)
  Joseph (D:7)
  The ghost of emiel the Conjurer, an average CeWz of Cheibriados (Ossuary)
  Sigmund (D:3)
  Eustachio (D:5)
  3 orc warriors
  An ice beast (D:6)
  A phantom (D:4)
  3 centaurs
  2 sky beasts (D:6)
  A slave (D:6)
  Blork the orc (D:5)
  4 big kobolds
  4 scorpions
  2 giant frogs
  3 crimson imps
  A jelly (D:8)
  10 orc wizards
  2 gnoll shamans
  Crazy Yiuf (D:3)
  3 human zombies (Ossuary)
  3 orc priests
  5 hounds
  A giant frog skeleton (D:7)
  Jessica (D:3)
  Natasha (D:3)
  An iguana (D:6)
  5 worker ants
  A big kobold zombie (Ossuary)
  2 hound zombies (Ossuary)
  4 mummies (Ossuary)
  10 gnolls (D:4)
  7 adders
  5 river rats
  An adder zombie (Ossuary)
  A worm zombie (D:8)
  4 worms
  19 orcs
  10 bats
  3 bat zombies (D:7)
  3 giant cockroaches
  9 hobgoblins
  11 jackals
  28 kobolds
  A quokka (D:3)
  7 ball pythons
  7 giant geckos
  A giant gecko skeleton (D:4)
  A giant gecko zombie (D:7)
  10 giant newts
  6 goblins
  A jackal skeleton (D:6)
  2 kobold zombies (Ossuary)
  2 orc zombies (Ossuary)
  A quokka skeleton (D:5)
  30 rats
  2 rat zombies
  A fungus (D:3)
254 creatures vanquished.

Vanquished Creatures (others)
  A slave (D:6)
1 creature vanquished.

Grand Total: 255 creatures vanquished

Notes
Turn   | Place    | Note
--------------------------------------------------------------
     0 | D:1      | abixa the Ogre Berserker began the quest for the Orb.
     0 | D:1      | Reached XP level 1. HP: 24/24 MP: 1/1
   124 | D:1      | Reached XP level 2. HP: 9/32 MP: 2/2
   342 | D:1      | Reached skill level 5 in Maces & Flails
   684 | D:2      | Reached XP level 3. HP: 14/39 MP: 3/3
   717 | D:2      | Found a stormy altar of Qazlal.
   745 | D:2      | Acquired Trog's second power
   907 | D:2      | Reached skill level 6 in Maces & Flails
  1237 | D:3      | Reached XP level 4. HP: 48/48 MP: 4/4
  1338 | D:3      | Reached XP level 5. HP: 34/55 MP: 5/5
  1401 | D:3      | Found a radiant altar of Vehumet.
  1404 | D:3      | Noticed Sigmund
  1429 | D:3      | Killed Sigmund
  1429 | D:3      | Reached skill level 5 in Fighting
  1429 | D:3      | Reached skill level 7 in Maces & Flails
  1429 | D:3      | Reached XP level 6. HP: 66/66 MP: 6/6
  1544 | D:3      | Found a bloodstained altar of Trog.
  1579 | D:3      | Noticed Crazy Yiuf
  1591 | D:3      | Killed Crazy Yiuf
  1701 | D:3      | Noticed Jessica
  1710 | D:3      | Killed Jessica
  1787 | D:3      | Reached skill level 8 in Maces & Flails
  1945 | D:3      | Noticed Natasha
  1950 | D:3      | Killed Natasha
  2171 | D:4      | Found a shadowy altar of Dithmenos.
  2272 | D:4      | Reached XP level 7. HP: 75/75 MP: 7/7
  2569 | D:3      | Received a gift from Trog
  2882 | D:4      | Reached skill level 9 in Maces & Flails
  3990 | D:4      | Reached XP level 8. HP: 74/88 MP: 8/8
  4175 | D:5      | Entered Level 5 of the Dungeon
  4211 | D:5      | Reached skill level 10 in Maces & Flails
  4278 | D:5      | Found a staircase to the Ecumenical Temple.
  4290 | D:5      | Found Ubimej's General Store.
  4298 | D:5      | Bought a scroll of identify for 22 gold pieces
  4298 | D:5      | Bought a potion of curing for 33 gold pieces
  4310 | D:5      | Noticed Eustachio
  4405 | D:5      | Found a glowing drain.
  4495 | D:5      | Acquired Trog's third power
  4539 | Sewer    | Entered a sewer
  4943 | Sewer    | Reached skill level 11 in Maces & Flails
  5287 | D:5      | Noticed Blork the orc
  5294 | D:5      | Killed Blork the orc
  5393 | D:5      | Killed Eustachio
  5416 | D:5      | Reached XP level 9. HP: 77/98 MP: 9/9
  6064 | D:6      | Reached skill level 12 in Maces & Flails
  6286 | D:6      | Noticed Pikel
  6335 | D:6      | Killed Pikel
  6335 | D:6      | Reached skill level 10 in Fighting
  6463 | D:6      | Reached skill level 13 in Maces & Flails
  7585 | D:7      | Reached skill level 14 in Maces & Flails
  7661 | D:7      | Reached XP level 10. HP: 90/113 MP: 10/10
  8119 | D:7      | Noticed Joseph
  8163 | D:7      | Killed Joseph
  8309 | D:7      | Found an ancient bone altar of Kikubaaqudgha.
  8839 | D:8      | Found a sand-covered staircase.
  8914 | Ossuary  | Entered an ossuary
  8918 | Ossuary  | Noticed emiel's ghost (average CeWz)
  8939 | Ossuary  | Killed emiel's ghost
  9316 | D:8      | Quit the game

Vault maps used:
D:1:      erik_arrival_blinker_ship
D:2:      overflow_temple_1_default
D:3:      overflow_temple_1_default, lightli_temple_of_fire,
          uniq_crazy_yiuf_cottage, uniq_sigmund, uniq_natasha, uniq_jessica
D:4:      nicolae_dithmenos_through_a_glass_darkly, first_bread,
          cheibrodos_gnoll_hut
D:5:      minmay_temple_entry_grid, serial_shops, shop, portal_sewer_entry_b,
          minmay_misc_feat_rugged, minmay_holes, feat_on_display,
          uniq_blork_the_orc, uniq_eustachio
D:6:      uniq_pikel
D:7:      lemuel_zombie_altar_kikubaaqudgha, uniq_joseph
D:8:      lair_0_dummy, enter_ossuary_3
Sewer:    sewer_minmay_treatment
Ossuary:  ossuary_minmay_tomb_2a

Action                   |  1- 3 |  4- 6 |  7- 9 | 10-12 || total
-------------------------+-------+-------+-------+-------++-------
Melee: Mace              |   127 |    58 |       |       ||   185
       Flail             |       |    72 |    78 |       ||   150
       Morningstar       |       |       |   272 |    83 ||   355
 Fire: Blowgun           |       |       |    50 |     2 ||    52
Throw: Stone             |    11 |    22 |    92 |    34 ||   159
Invok: Berserk           |     1 |     3 |     1 |     2 ||     7
  Use: Scroll            |       |       |     7 |       ||     7
 Stab: Sleeping          |     1 |     1 |     2 |       ||     4
       Distracted        |       |       |       |     1 ||     1
  Eat: Chunk             |     2 |     6 |    14 |     4 ||    26
       Meat ration       |       |       |     1 |       ||     1
       Fruit             |       |       |       |     1 ||     1
       Beef jerky        |       |       |       |     1 ||     1
